AoeStats
← Deathhorse

Arabia

508565153Analyzed
2v2 RM · 11d ago on Sep 23, 2026· 73m 24s· 4 players
Game mode
Random Map
Map size
Medium (4 player)
Population
200
Speed
Normal
Resources
Standard
Victory
Conquest
Starting age
Dark Age
Ending age
Imperial Age
RankedLock teamsTeams togetherTeam positionsShared explorationLock speedFull tech treeHidden civsTurbo modeCheats
Victory
Defeat
🇨🇴 Mongols · Colombia
947
+17
🇨🇴 Khmer · Colombia
902
+19
🇺🇸 Chinese · United States
984
-19
🇺🇸 Maya · United States
938
-17
Deathhorse
11:25 Feudal Age
12:45 Wheelbarrow
12:23 Double-Bit Axe
12:42 Horse Collar
14:52 Bloodlines
17:05 Scale Barding Armor
23:45 Gold Mining
27:29 Castle Age
28:30 Bow Saw
28:25 Heavy Plow
34:20 Chain Barding Armor
34:32 Hand Cart
37:36 Padded Archer Armor
38:46 Husbandry
39:51 Gold Shaft Mining
39:09 Stone Mining
45:01 Ballistics
45:50 Stone Shaft Mining
45:58 Leather Archer Armor
46:42 Tusk Swords
49:33 Imperial Age
47:11 Scale Mail Armor
52:29 Chemistry
51:44 Double Crossbow
54:46 Cavalier
54:49 Elite Ballista Elephant
55:39 Elite Battle Elephant
57:48 Plate Barding Armor
62:31 Ring Archer Armor
65:13 Elite Skirmisher
67:02 Loom
HAN SOLO
9:24 Feudal Age
9:54 Double-Bit Axe
13:02 Bloodlines
16:43 Gold Mining
18:15 Scale Barding Armor
24:59 Castle Age
24:26 Fletching
27:14 Thumb Ring
27:46 Bow Saw
28:03 Bodkin Arrow
28:29 Chain Barding Armor
31:00 Husbandry
31:47 Wheelbarrow
34:08 Stone Mining
34:53 Gold Shaft Mining
34:30 Bow Saw
34:03 Horse Collar
35:14 Ballistics
36:15 Stone Shaft Mining
35:42 Heavy Plow
39:36 Forging
39:16 Loom
40:08 Hand Cart
43:55 Imperial Age
42:04 Caravan
43:38 Iron Casting
44:21 Elite Mangudai
44:26 Light Cavalry
46:57 Blast Furnace
45:57 Bracer
49:06 Chemistry
48:37 Hussar
KING ROMA
1:57 Loom
10:14 Feudal Age
11:03 Double-Bit Axe
16:06 Fletching
24:26 Castle Age
22:54 Horse Collar
23:10 Gold Mining
24:00 Padded Archer Armor
24:38 Crossbowman
25:31 Bodkin Arrow
26:05 Pikeman
27:21 Scale Mail Armor
28:07 Elite Skirmisher
29:49 Wheelbarrow
30:48 Bow Saw
30:55 Stone Mining
34:37 Wheelbarrow
35:00 Wheelbarrow
39:28 Scale Barding Armor
39:34 Forging
40:03 Ballistics
40:31 Bloodlines
41:28 Squires
41:46 Chain Mail Armor
42:07 Iron Casting
47:31 Imperial Age
47:13 Leather Archer Armor
48:34 Bracer
48:05 Arbalester
50:17 Chemistry
55:36 Cavalier
63:38 Chain Barding Armor
64:16 Gold Shaft Mining
Spaceman Spiff
3:07 Loom
10:34 Feudal Age
11:19 Double-Bit Axe
14:36 Fletching
20:42 Castle Age
20:57 Arson
21:11 Pikeman
21:14 Crossbowman
23:15 Wheelbarrow
22:29 Horse Collar
22:42 Gold Mining
23:02 Squires
23:39 Town Watch
24:03 Stone Mining
23:47 Eagle Warrior
24:35 Scale Mail Armor
25:07 Bow Saw
27:20 Forging
27:31 Padded Archer Armor
28:38 Chain Mail Armor
32:16 Elite Skirmisher
33:02 Thumb Ring
33:16 Leather Archer Armor
33:00 Bodkin Arrow
33:20 Leather Archer Armor
34:17 Ballistics
35:46 Hul'che Javelineers
43:29 Imperial Age
41:20 Heavy Plow
42:38 Iron Casting
43:37 Elite Eagle Warrior
43:41 Halberdier
44:56 Plate Mail Armor
46:38 Blast Furnace
46:15 Hand Cart
47:12 Conscription
46:56 Bracer
48:00 Ring Archer Armor
47:47 Elite Plumed Archer
50:50 Holcans
51:08 Block Printing
52:18 Chemistry
51:14 Murder Holes
50:55 Onager
56:35 Two-Man Saw
61:37 Capped Ram
69:32 Siege Ram
Connection lost

Rejoining the realm…

Still unreachable

The connection could not be restored.

Session expired

The server has moved on; the page needs a fresh start.